Rampage vs Tigers

Created - Wednesday, February 03, 2016 at 01:40

Goals
1 2 3 OT1 SO T
Rampage 0 1 0 0 2 2
Tigers 0 1 0 0 1 1
Shots
1 2 3 OT1 SO T
Rampage 11 10 7 4 6 32
Tigers 14 8 11 1 6 34

1st period

No Goal

Penalties :
Brandon Bollig (BRI) for Hooking (Minor) at 6:10, Kyle Quincey (BRI) for Hooking (Minor) at 9:01, Alexander Khokhlachev (BRI) for Fighting (Major) at 15:21, Keaton Ellerby (SAN) for Fighting (Major) at 15:21, Anthony Peluso (BRI) for Fighting (Major) at 17:32, Tomas Kundratek (SAN) for Fighting (Major) at 17:32, Anthony Peluso (BRI) for instigated a fight (Minor) at 17:32, Anthony Peluso (BRI) for instigated a fight (10 Minutes Misconduct) at 17:32

2nd period

1. Tigers , Kyle Quincey 7 (Patrick Kaleta) at 8:49
2. Rampage , Taylor Beck 13 (Ladislav Smid) at 9:21

Penalties :
Brandon Bollig (BRI) for Fighting (Major) at 9:22, Connor Brickley (SAN) for Fighting (Major) at 9:22, Brandon Bollig (BRI) for instigated a fight (Minor) at 9:22, Brandon Bollig (BRI) for instigated a fight (10 Minutes Misconduct) at 9:22, Carter Rowney (BRI) for Fighting (Major) at 12:16, Keaton Ellerby (SAN) for Fighting (Major) at 12:16, Ian White (BRI) for Hooking (Minor) at 18:32, Brandon Defazio (BRI) for Delaying the game (Minor) at 18:47

3rd period

No Goal

Penalties :
No Penalty

Overtime #1

No Goal

Penalties :
No Penalty

Shootout

Penalty Shot by Daniel Briere for Rampage - Stopped by Cam Ward
Penalty Shot by Rene Bourque for Tigers - Goal!
Penalty Shot by Taylor Beck for Rampage - Goal!
Penalty Shot by Brandon Bollig for Tigers - Stopped by Pheonix Copley
Penalty Shot by Christian Thomas for Rampage - Shot Misses the Net
Penalty Shot by Patrick Kaleta for Tigers - Stopped by Pheonix Copley
Penalty Shot by Liam O'Brien for Rampage - Stopped by Cam Ward
Penalty Shot by Ty Rattie for Tigers - Shot Misses the Net
Penalty Shot by Bryan Rust for Rampage - Shot Misses the Net
Penalty Shot by Ronalds Kenins for Tigers - Shot Misses the Net
Penalty Shot by Connor Brickley for Rampage - Goal!
Penalty Shot by Jordan Leopold for Tigers - Shot Misses the Net

Penalties :
No Penalty

Goalie Stats

Pheonix Copley (SAN), 33 saves from 34 shots - (0.971), W, 27-5-8, 65:00 minutes
Cam Ward (BRI), 31 saves from 32 shots - (0.969), OTL, 31-4-13, 65:00 minutes

Players Stats for Rampage

Player Name              G  A  P  +/- PIM S  H  SB GA TA FO     MP     PP MP  PK MP  
------------------------------------------------------------------------------------
Andrew Cherniwchan       0  0  0   0  0   1  0  0  0  0  0/0    14:29   0:00   0:00 
Benn Ferriero            0  0  0   0  0   0  2  0  3  0  0/0     8:46   0:00   0:00 
Brett Hextall            0  0  0   0  0   0  3  0  0  0  1/1     6:52   0:47   0:00 
Bryan Rust               0  0  0  -1  0   2  1  0  3  1  0/0    20:20   5:16   0:00 
Christian Thomas         0  0  0   1  0   1  0  1  3  2  2/2    18:24   4:54   0:00 
Connor Brickley          0  0  0  -1  5   2  1  1  0  1  11/18  17:44   4:29   0:00 
Daniel Briere            0  0  0   1  0   2  0  2  7  2  5/13   24:39   4:54   0:00 
Joel Chouinard           0  0  0   0  0   1  1  1  0  1  0/0    18:02   1:24   0:00 
Jordan Szwarz            0  0  0   0  0   3  2  2  2  2  0/0    15:56   0:00   0:00 
Keaton Ellerby           0  0  0  -1  10  0  1  1  1  1  0/0    18:37   3:22   0:00 
Ladislav Smid            0  1  1   1  0   7  1  0  2  3  0/0    27:23   5:24   0:00 
Liam O'Brien             0  0  0  -1  0   5  3  1  1  0  1/4    20:07   5:16   0:00 
Matthew Corrente         0  0  0  -1  0   0  5  0  0  0  0/0    24:23   4:46   0:00 
Michal Rozsival          0  0  0   1  0   4  1  2  4  2  0/0    27:23   5:24   0:00 
Steven Hodges            0  0  0   0  0   0  0  0  0  1  2/3     8:02   0:00   0:00 
Tanner Richard           0  0  0   0  0   1  1  0  1  0  8/9    14:29   0:00   0:00 
Taylor Beck              1  0  1   1  0   3  1  0  4  0  0/0    20:11   4:54   0:00 
Tomas Kundratek          0  0  0   0  5   0  0  0  0  2  0/0    14:09   0:00   0:00 

Players Stats for Tigers

Player Name              G  A  P  +/- PIM S  H  SB GA TA FO     MP     PP MP  PK MP  
------------------------------------------------------------------------------------
Adam Comrie              0  0  0   0  0   1  2  1  0  0  0/0    23:13   0:00   3:58 
Alexander Khokhlachev    0  0  0   0  5   1  1  0  2  2  2/8    11:18   0:00   0:00 
Anthony Peluso           0  0  0   0  17  2  1  1  2  2  2/3    14:43   0:00   2:41 
Brandon Bollig           0  0  0   0  19  0  3  0  1  1  0/0    16:30   0:00   2:11 
Brandon Defazio          0  0  0   0  2   4  2  0  1  0  0/1    13:07   0:00   3:03 
Caleb Herbert            0  0  0   0  0   0  0  0  0  1  3/5     6:23   0:00   0:00 
Carter Rowney            0  0  0   0  5   0  0  0  0  0  5/10   13:32   0:00   0:00 
Chandler Stephenson      0  0  0   0  0   1  1  1  0  1  4/11   15:51   0:00   0:52 
Harry Zolnierczyk        0  0  0   0  0   0  1  0  2  0  0/1    13:05   0:00   0:00 
Ian White                0  0  0   0  2   4  0  1  1  1  0/0    15:40   0:00   0:02 
Jordan Leopold           0  0  0   0  0   2  0  0  0  2  0/0    26:08   0:00   6:12 
Kane Lafranchise         0  0  0   0  0   1  0  1  0  1  0/0    23:13   0:00   3:58 
Keith Seabrook           0  0  0   0  0   2  0  2  0  1  0/0    16:59   0:00   1:20 
Kyle Quincey             1  0  1   0  2   1  4  4  0  2  0/0    25:22   0:00   4:52 
Patrick Kaleta           0  1  1   0  0   4  2  1  6  1  1/2    14:55   0:00   2:13 
Rene Bourque             0  0  0   0  0   2  0  2  2  1  3/9    24:25   0:00   5:20 
Ronalds Kenins           0  0  0   0  0   8  1  1  4  1  0/0    15:41   0:00   0:00 
Ty Rattie                0  0  0   0  0   1  0  1  4  0  0/0    17:53   0:00   2:13 

3 Stars

1 - Pheonix Copley (SAN)
2 - Cam Ward (BRI)
3 - Taylor Beck (SAN)

Power Play

Rampage - 0 on 6 Attempt(s) - 0.00%
Tigers - 0 on 0 Attempt(s) - 0.00%

Penalty Kill

Rampage - 0 on 0 Attempt(s) - 0.00% - Score 0 goal in Penalty Kill
Tigers - 6 on 6 Attempt(s) - 100.00% - Score 0 goal in Penalty Kill

Team Stat

Rampage - Hits : 23 - Faceoff Wins : 30 - Blocked Shots : 11 - Penalty Minutes : 20
Tigers - Hits : 18 - Faceoff Wins : 20 - Blocked Shots : 16 - Penalty Minutes : 52

Official

Referees : Unknown
Linesman : Unknown

Game Notes

Alexander Khokhlachev and Keaton Ellerby fight to a draw at 15:21 of 1st period
Anthony Peluso and Tomas Kundratek fight to a draw at 17:32 of 1st period
Brandon Bollig beats up Connor Brickley at 9:22 of 2nd period
Carter Rowney and Keaton Ellerby fight to a draw at 12:16 of 2nd period

Finance

Level 1 -- Attendance: 1469 (73.45%) -- Ticket Income $51,415
Level 2 -- Attendance: 754 (75.40%) -- Ticket Income $11,310
Total Attendance: 2223 (74.10%)
Total Ticket Income: $62,725
Other Income: $30,735
Total Income: $93,460

Rampage

5 vs 5 Forward 
   Center                   Left Wing                Right Wing               Time % Phy DF OF 
 1 Daniel Briere            Taylor Beck              Christian Thomas         35     1   2  2  
 2 Connor Brickley          Liam O'Brien             Bryan Rust               30     1   2  2  
 3 Tanner Richard           Andrew Cherniwchan       Jordan Szwarz            22     1   2  2  
 4 Steven Hodges            Daniel Briere            Benn Ferriero            13     1   2  2  

5 vs 5 Defense 
   Defense                  Defense                                           Time % Phy DF OF 
 1 Michal Rozsival          Ladislav Smid                                     35     1   2  2  
 2 Keaton Ellerby           Matthew Corrente                                  30     1   2  2  
 3 Tomas Kundratek          Joel Chouinard                                    22     1   2  2  
 4 Michal Rozsival          Ladislav Smid                                     13     1   2  2  

PowerPlay Forward 
   Center                   Left Wing                Right Wing               Time % Phy DF OF 
 1 Daniel Briere            Taylor Beck              Christian Thomas         60     1   2  2  
 2 Connor Brickley          Liam O'Brien             Bryan Rust               40     1   2  2  

PowerPlay Defense
   Defense                  Defense                                           Time % Phy DF OF 
 1 Michal Rozsival          Ladislav Smid                                     60     1   2  2  
 2 Keaton Ellerby           Matthew Corrente                                  40     1   2  2  

Penalty Kill 4 Players Forward 
   Center                   Wing                     Time % Phy DF OF 
 1 Daniel Briere            Taylor Beck              60     1   2  2  
 2 Christian Thomas         Liam O'Brien             40     1   2  2  

Penalty Kill 4 Players Defense
   Defense                  Defense                  Time % Phy DF OF 
 1 Michal Rozsival          Ladislav Smid            60     1   2  2  
 2 Keaton Ellerby           Matthew Corrente         40     1   2  2  

Penalty Kill - 3 Players Forward 
   Forward                                           Time % Phy DF OF 
 1 Daniel Briere                                     60     1   2  2  
 2 Taylor Beck                                       40     1   2  2  

Penalty Kill - 3 Players Defense
   Defense                  Defense                  Time % Phy DF OF 
 1 Michal Rozsival          Ladislav Smid            60     1   2  2  
 2 Keaton Ellerby           Matthew Corrente         40     1   2  2  

4 vs 4 Forward 
   Center                   Wing                     Time % Phy DF OF 
 1 Daniel Briere            Taylor Beck              60     1   2  2  
 2 Christian Thomas         Liam O'Brien             40     1   2  2  

4 vs 4 Defense
   Defense                  Defense                  Time % Phy DF OF 
 1 Michal Rozsival          Ladislav Smid            60     1   2  2  
 2 Keaton Ellerby           Matthew Corrente         40     1   2  2  

Last Minutes Offensive
   Center                   Left Wing                Right Wing               Defense                  Defense                  
   Daniel Briere            Taylor Beck              Christian Thomas         Michal Rozsival          Ladislav Smid            

Last Minutes Defensive
   Center                   Left Wing                Right Wing               Defense                  Defense                  
   Daniel Briere            Taylor Beck              Christian Thomas         Michal Rozsival          Ladislav Smid            

Goaltenders
Starting : Pheonix Copley           
Backup : Viktor Fasth             

Extra Forwards
Normal : Brett Hextall, Jordan Szwarz, Benn Ferriero - PP : Brett Hextall, Jordan Szwarz - PK : Benn Ferriero
Extra Defensemen
Normal : Tomas Kundratek, Joel Chouinard, Keaton Ellerby - PP : Tomas Kundratek - PK : Joel Chouinard, Keaton Ellerby
Penalty Shots
Daniel Briere, Taylor Beck, Christian Thomas, Liam O'Brien, Bryan Rust

Tigers

5 vs 5 Forward 
   Center                   Left Wing                Right Wing               Time % Phy DF OF 
 1 Alexander Khokhlachev    Rene Bourque             Patrick Kaleta           35     1   2  2  
 2 Carter Rowney            Brandon Bollig           Ty Rattie                30     1   2  2  
 3 Chandler Stephenson      Ronalds Kenins           Anthony Peluso           22     1   2  2  
 4 Caleb Herbert            Brandon Defazio          Rene Bourque             13     1   2  2  

5 vs 5 Defense 
   Defense                  Defense                                           Time % Phy DF OF 
 1 Kyle Quincey             Jordan Leopold                                    35     1   2  2  
 2 Adam Comrie              Kane Lafranchise                                  30     1   2  2  
 3 Ian White                Keith Seabrook                                    22     1   2  2  
 4 Kyle Quincey             Jordan Leopold                                    13     1   2  2  

PowerPlay Forward 
   Center                   Left Wing                Right Wing               Time % Phy DF OF 
 1 Alexander Khokhlachev    Rene Bourque             Patrick Kaleta           60     1   2  2  
 2 Carter Rowney            Brandon Bollig           Ty Rattie                40     1   2  2  

PowerPlay Defense
   Defense                  Defense                                           Time % Phy DF OF 
 1 Kyle Quincey             Jordan Leopold                                    60     1   2  2  
 2 Adam Comrie              Kane Lafranchise                                  40     1   2  2  

Penalty Kill 4 Players Forward 
   Center                   Wing                     Time % Phy DF OF 
 1 Rene Bourque             Brandon Bollig           60     1   2  2  
 2 Patrick Kaleta           Ty Rattie                40     1   2  2  

Penalty Kill 4 Players Defense
   Defense                  Defense                  Time % Phy DF OF 
 1 Kyle Quincey             Jordan Leopold           60     1   2  2  
 2 Adam Comrie              Kane Lafranchise         40     1   2  2  

Penalty Kill - 3 Players Forward 
   Forward                                           Time % Phy DF OF 
 1 Rene Bourque                                      60     1   2  2  
 2 Brandon Bollig                                    40     1   2  2  

Penalty Kill - 3 Players Defense
   Defense                  Defense                  Time % Phy DF OF 
 1 Kyle Quincey             Jordan Leopold           60     1   2  2  
 2 Adam Comrie              Kane Lafranchise         40     1   2  2  

4 vs 4 Forward 
   Center                   Wing                     Time % Phy DF OF 
 1 Rene Bourque             Brandon Bollig           60     1   2  2  
 2 Patrick Kaleta           Ty Rattie                40     1   2  2  

4 vs 4 Defense
   Defense                  Defense                  Time % Phy DF OF 
 1 Kyle Quincey             Jordan Leopold           60     1   2  2  
 2 Adam Comrie              Kane Lafranchise         40     1   2  2  

Last Minutes Offensive
   Center                   Left Wing                Right Wing               Defense                  Defense                  
   Alexander Khokhlachev    Rene Bourque             Patrick Kaleta           Kyle Quincey             Jordan Leopold           

Last Minutes Defensive
   Center                   Left Wing                Right Wing               Defense                  Defense                  
   Alexander Khokhlachev    Rene Bourque             Patrick Kaleta           Kyle Quincey             Jordan Leopold           

Goaltenders
Starting : Cam Ward                 
Backup : Scott Munroe             

Extra Forwards
Normal : Harry Zolnierczyk, Ronalds Kenins, Anthony Peluso - PP : Harry Zolnierczyk, Ronalds Kenins - PK : Anthony Peluso
Extra Defensemen
Normal : Ian White, Keith Seabrook, Adam Comrie - PP : Ian White - PK : Keith Seabrook, Adam Comrie
Penalty Shots
Rene Bourque, Brandon Bollig, Patrick Kaleta, Ty Rattie, Ronalds Kenins

% Time on Ice - Rampage

Lines # - Real PCT - Wanted PCT - Time Play
Normal Forward
1 - 26% - 35% - 12:59
2 - 29% - 30% - 14:20
3 - 29% - 22% - 14:29
4 - 16% - 13% - 8:02
Normal Defense
1 - 32% - 35% - 16:07
2 - 35% - 30% - 17:29
3 - 27% - 22% - 13:14
4 - 6% - 13% - 3:00
PP Forward
1 - 48% - 60% - 4:54
2 - 52% - 40% - 5:16
PP Defense
1 - 53% - 60% - 5:24
2 - 47% - 40% - 4:46
PK Forward
1 - 0% - 60%
2 - 0% - 40%
PK Defense
1 - 0% - 60%
2 - 0% - 40%
PK3 Forward
1 - 0% - 60%
2 - 0% - 40%
PK3 Defense
1 - 0% - 60%
2 - 0% - 40%
44 Forward
1 - 90% - 60% - 4:29
2 - 10% - 40% - 0:31
44 Defense
1 - 57% - 60% - 2:52
2 - 43% - 40% - 2:08
Last Minute Offensive  - 0:00
Last Minute Defensive  - 0:00
Total
Forward - 65:00
Defense - 65:00

% Time on Ice - Tigers

Lines # - Real PCT - Wanted PCT - Time Play
Normal Forward
1 - 29% - 35% - 14:23
2 - 32% - 30% - 15:45
3 - 27% - 22% - 13:19
4 - 13% - 13% - 6:23
Normal Defense
1 - 30% - 35% - 14:51
2 - 34% - 30% - 16:57
3 - 31% - 22% - 15:39
4 - 5% - 13% - 2:23
PP Forward
1 - 0% - 60%
2 - 0% - 40%
PP Defense
1 - 0% - 60%
2 - 0% - 40%
PK Forward
1 - 74% - 60% - 6:13
2 - 26% - 40% - 2:13
PK Defense
1 - 59% - 60% - 4:59
2 - 41% - 40% - 3:27
PK3 Forward
1 - 100% - 60% - 1:44
2 - 0% - 40% - 0:00
PK3 Defense
1 - 70% - 60% - 1:13
2 - 30% - 40% - 0:31
44 Forward
1 - 100% - 60% - 5:00
2 - 0% - 40% - 0:00
44 Defense
1 - 54% - 60% - 2:42
2 - 46% - 40% - 2:18
Last Minute Offensive  - 0:00
Last Minute Defensive  - 0:00
Total
Forward - 65:00
Defense - 65:00

Play by Play

1st period


0:01 of 1st period - Daniel Briere wins face-off versus Alexander Khokhlachev in neutral zone.
0:53 of 1st period - Michal Rozsival is hit by Brandon Bollig and loses puck.
1:02 of 1st period - Brandon Bollig is hit by Bryan Rust and loses puck.
1:15 of 1st period - Slapshot by Bryan Rust.
1:15 of 1st period - Shot Misses the Net.
1:17 of 1st period - Snap shot by Liam O'Brien.
1:17 of 1st period - Shot Misses the Net.
2:03 of 1st period - Snap shot by Tanner Richard.
2:03 of 1st period - Shot Blocked by Ty Rattie.
2:13 of 1st period - Brandon Bollig is hit by Benn Ferriero and loses puck.
2:32 of 1st period - Wrist shot by Benn Ferriero.
2:32 of 1st period - Deflect By Daniel Briere.
2:32 of 1st period - Shot Misses the Net.
2:32 of 1st period - Puck is out of play.
2:33 of 1st period - Connor Brickley wins face-off versus Chandler Stephenson in Tigers zone.
2:34 of 1st period - Snap shot by Bryan Rust.
2:34 of 1st period - Shot Misses the Net.
2:36 of 1st period - Slapshot by Michal Rozsival.
2:36 of 1st period - Stopped by Cam Ward without a rebound.
2:37 of 1st period - Connor Brickley wins face-off versus Chandler Stephenson in Tigers zone.
2:52 of 1st period - Snap shot by Liam O'Brien.
2:52 of 1st period - Stopped by Cam Ward with a rebound.
2:54 of 1st period - Wrist shot by Connor Brickley.
2:54 of 1st period - Stopped by Cam Ward with a rebound.
2:56 of 1st period - Snap shot by Ladislav Smid.
2:56 of 1st period - Shot Blocked by Ian White.
2:58 of 1st period - Slapshot by Michal Rozsival.
2:58 of 1st period - Stopped by Cam Ward without a rebound.
2:59 of 1st period - Tanner Richard wins face-off versus Caleb Herbert in Tigers zone.
4:00 of 1st period - Christian Thomas is hit by Anthony Peluso and loses puck.
4:12 of 1st period - Wrist shot by Ian White.
4:12 of 1st period - Stopped by Pheonix Copley with a rebound.
4:14 of 1st period - Snap shot by Keith Seabrook.
4:14 of 1st period - Shot Blocked by Christian Thomas.
4:16 of 1st period - Snap shot by Ronalds Kenins.
4:16 of 1st period - Stopped by Pheonix Copley without a rebound.
4:17 of 1st period - Liam O'Brien wins face-off versus Alexander Khokhlachev in Rampage zone.
4:32 of 1st period - Slapshot by Jordan Leopold.
4:32 of 1st period - Shot Blocked by Michal Rozsival.
4:54 of 1st period - Snap shot by Liam O'Brien.
4:54 of 1st period - Shot Misses the Net.
5:33 of 1st period - Wrist shot by Brandon Defazio.
5:33 of 1st period - Stopped by Pheonix Copley without a rebound.
5:34 of 1st period - Tanner Richard wins face-off versus Caleb Herbert in Rampage zone.
5:34 of 1st period - Tanner Richard is hit by Brandon Defazio.
6:05 of 1st period - Snap shot by Jordan Szwarz.
6:05 of 1st period - Shot Blocked by Rene Bourque.
6:07 of 1st period - Wrist shot by Tanner Richard.
6:07 of 1st period - Deflect By Jordan Szwarz.
6:07 of 1st period - Shot Blocked by Keith Seabrook.
6:07 of 1st period - Puck is out of play.
6:08 of 1st period - Carter Rowney wins face-off versus Connor Brickley in Tigers zone.
6:10 of 1st period - Minor Penalty to Brandon Bollig for Hooking.
6:11 of 1st period - Daniel Briere wins face-off versus Rene Bourque in Tigers zone.
7:12 of 1st period - Snap shot by Liam O'Brien.
7:12 of 1st period - Stopped by Cam Ward without a rebound.
7:13 of 1st period - Connor Brickley wins face-off versus Patrick Kaleta in Tigers zone.
7:14 of 1st period - Wrist shot by Liam O'Brien.
7:14 of 1st period - Shot Misses the Net.
7:35 of 1st period - Icing by Bryan Rust.
7:36 of 1st period - Connor Brickley wins face-off versus Anthony Peluso in Rampage zone.
8:08 of 1st period - Rene Bourque is hit by Matthew Corrente and loses puck.
8:10 of 1st period - Penalty to Brandon Bollig is over, Brandon Bollig is back on ice.
8:41 of 1st period - Wrist shot by Jordan Szwarz.
8:41 of 1st period - Shot Blocked by Kyle Quincey.
9:01 of 1st period - Minor Penalty to Kyle Quincey for Hooking.
9:02 of 1st period - Connor Brickley wins face-off versus Rene Bourque in Tigers zone.
9:51 of 1st period - Off-side.
9:52 of 1st period - Anthony Peluso wins face-off versus Daniel Briere in neutral zone.
10:07 of 1st period - Slapshot by Patrick Kaleta.
10:07 of 1st period - Stopped by Pheonix Copley with a rebound.
10:09 of 1st period - Slapshot by Jordan Leopold.
10:09 of 1st period - Stopped by Pheonix Copley without a rebound.
10:10 of 1st period - Patrick Kaleta wins face-off versus Daniel Briere in Rampage zone.
11:01 of 1st period - Penalty to Kyle Quincey is over, Kyle Quincey is back on ice.
11:01 of 1st period - Wrist shot by Liam O'Brien.
11:01 of 1st period - Stopped by Cam Ward with a rebound.
12:02 of 1st period - Wrist shot by Ronalds Kenins.
12:02 of 1st period - Shot Blocked by Daniel Briere.
12:14 of 1st period - Snap shot by Benn Ferriero.
12:14 of 1st period - Deflect By Daniel Briere.
12:14 of 1st period - Stopped by Cam Ward with a rebound.
12:34 of 1st period - Liam O'Brien is hit by Patrick Kaleta and loses puck.
13:42 of 1st period - Jordan Szwarz is hit by Brandon Bollig and loses puck.
14:01 of 1st period - Snap shot by Andrew Cherniwchan.
14:01 of 1st period - Stopped by Cam Ward without a rebound.
14:02 of 1st period - Steven Hodges wins face-off versus Chandler Stephenson in Tigers zone.
15:12 of 1st period - Wrist shot by Taylor Beck.
15:12 of 1st period - Stopped by Cam Ward without a rebound.
15:13 of 1st period - Alexander Khokhlachev wins face-off versus Connor Brickley in Tigers zone.
15:21 of 1st period - Alexander Khokhlachev and Keaton Ellerby fight to a draw.
15:21 of 1st period - Penalty to Alexander Khokhlachev for Fighting.
15:21 of 1st period - Penalty to Keaton Ellerby for Fighting.
15:22 of 1st period - Carter Rowney wins face-off versus Connor Brickley in Rampage zone.
15:29 of 1st period - Wrist shot by Michal Rozsival.
15:29 of 1st period - Stopped by Cam Ward with a rebound.
15:31 of 1st period - Slapshot by Ladislav Smid.
15:31 of 1st period - Deflect By Liam O'Brien.
15:31 of 1st period - Shot Misses the Net.
15:31 of 1st period - Puck is out of play.
15:32 of 1st period - Connor Brickley wins face-off versus Carter Rowney in Tigers zone.
16:32 of 1st period - Ladislav Smid is hit by Harry Zolnierczyk and loses puck.
16:39 of 1st period - Slapshot by Patrick Kaleta.
16:39 of 1st period - Stopped by Pheonix Copley with a rebound.
16:41 of 1st period - Wrist shot by Patrick Kaleta.
16:41 of 1st period - Shot Hit the Post.
16:43 of 1st period - Wrist shot by Patrick Kaleta.
16:43 of 1st period - Shot Blocked by Daniel Briere.
16:45 of 1st period - Slapshot by Keith Seabrook.
16:45 of 1st period - Shot Misses the Net.
16:47 of 1st period - Backhand shot by Keith Seabrook.
16:47 of 1st period - Deflect By Michal Rozsival.
16:47 of 1st period - Stopped by Pheonix Copley with a rebound.
16:49 of 1st period - Slapshot by Ian White.
16:49 of 1st period - Stopped by Pheonix Copley with a rebound.
16:51 of 1st period - Snap shot by Patrick Kaleta.
16:51 of 1st period - Stopped by Pheonix Copley with a rebound.
17:15 of 1st period - Slapshot by Rene Bourque.
17:15 of 1st period - Stopped by Pheonix Copley with a rebound.
17:29 of 1st period - Wrist shot by Anthony Peluso.
17:29 of 1st period - Stopped by Pheonix Copley without a rebound.
17:30 of 1st period - Tanner Richard wins face-off versus Chandler Stephenson in Rampage zone.
17:32 of 1st period - Anthony Peluso and Tomas Kundratek fight to a draw.
17:32 of 1st period - Penalty to Anthony Peluso for Fighting.
17:32 of 1st period - Penalty to Tomas Kundratek for Fighting.
17:32 of 1st period - Penalty to Anthony Peluso for instigated a fight.
17:32 of 1st period - Penalty to Anthony Peluso for instigated a fight.
17:33 of 1st period - Connor Brickley wins face-off versus Rene Bourque in neutral zone.
18:54 of 1st period - Adam Comrie is hit by Connor Brickley and loses puck.
19:32 of 1st period - Penalty to Anthony Peluso is over, Ty Rattie is send on ice.
19:35 of 1st period - Backhand shot by Bryan Rust.
19:35 of 1st period - Stopped by Cam Ward without a rebound.
19:36 of 1st period - Chandler Stephenson wins face-off versus Connor Brickley in Tigers zone.
19:46 of 1st period - Slapshot by Ian White.
19:46 of 1st period - Shot Blocked by Joel Chouinard.
19:48 of 1st period - Snap shot by Chandler Stephenson.
19:48 of 1st period - Stopped by Pheonix Copley with a rebound.
19:50 of 1st period - Backhand shot by Keith Seabrook.
19:50 of 1st period - Stopped by Pheonix Copley with a rebound.
19:52 of 1st period - Slapshot by Ian White.
19:52 of 1st period - Shot Blocked by Connor Brickley.
19:54 of 1st period - Wrist shot by Ronalds Kenins.
19:54 of 1st period - Stopped by Pheonix Copley with a rebound.
19:56 of 1st period - Snap shot by Ian White.
19:56 of 1st period - Shot Misses the Net.
Goals for this period are 0 for Rampage vs 0 for Tigers.
Shots for this period are 11 for Rampage vs 14 for Tigers.

2nd period


0:01 of 2nd period - Daniel Briere wins face-off versus Harry Zolnierczyk in neutral zone.
0:20 of 2nd period - Harry Zolnierczyk is hit by Taylor Beck and loses puck.
0:51 of 2nd period - Ty Rattie is hit by Liam O'Brien and loses puck.
1:01 of 2nd period - Icing by Bryan Rust.
1:02 of 2nd period - Carter Rowney wins face-off versus Connor Brickley in Rampage zone.
1:03 of 2nd period - Snap shot by Ty Rattie.
1:03 of 2nd period - Stopped by Pheonix Copley with a rebound.
1:49 of 2nd period - Slapshot by Ladislav Smid.
1:49 of 2nd period - Shot Blocked by Ronalds Kenins.
1:51 of 2nd period - Slapshot by Ladislav Smid.
1:51 of 2nd period - Stopped by Cam Ward with a rebound.
3:20 of 2nd period - Icing by Carter Rowney.
3:21 of 2nd period - Caleb Herbert wins face-off versus Daniel Briere in Tigers zone.
3:21 of 2nd period - Caleb Herbert is hit by Matthew Corrente.
3:31 of 2nd period - Wrist shot by Brandon Defazio.
3:31 of 2nd period - Stopped by Pheonix Copley with a rebound.
3:33 of 2nd period - Slapshot by Ian White.
3:33 of 2nd period - Deflect By Christian Thomas.
3:33 of 2nd period - Stopped by Pheonix Copley with a rebound.
3:56 of 2nd period - Chandler Stephenson is hit by Matthew Corrente and loses puck.
4:39 of 2nd period - Snap shot by Liam O'Brien.
4:39 of 2nd period - Stopped by Cam Ward with a rebound.
4:41 of 2nd period - Slapshot by Ladislav Smid.
4:41 of 2nd period - Stopped by Cam Ward with a rebound.
4:43 of 2nd period - Slapshot by Ladislav Smid.
4:43 of 2nd period - Stopped by Cam Ward without a rebound.
4:44 of 2nd period - Tanner Richard wins face-off versus Alexander Khokhlachev in Tigers zone.
4:49 of 2nd period - Snap shot by Tanner Richard.
4:49 of 2nd period - Stopped by Cam Ward without a rebound.
4:50 of 2nd period - Tanner Richard wins face-off versus Alexander Khokhlachev in Tigers zone.
4:53 of 2nd period - Wrist shot by Jordan Szwarz.
4:53 of 2nd period - Shot Misses the Net.
5:10 of 2nd period - Slapshot by Alexander Khokhlachev.
5:10 of 2nd period - Stopped by Pheonix Copley with a rebound.
5:12 of 2nd period - Snap shot by Patrick Kaleta.
5:12 of 2nd period - Shot Misses the Net.
5:43 of 2nd period - Wrist shot by Chandler Stephenson.
5:43 of 2nd period - Shot Misses the Net.
5:45 of 2nd period - Wrist shot by Ronalds Kenins.
5:45 of 2nd period - Shot Misses the Net.
5:47 of 2nd period - Wrist shot by Ronalds Kenins.
5:47 of 2nd period - Stopped by Pheonix Copley without a rebound.
5:48 of 2nd period - Carter Rowney wins face-off versus Connor Brickley in Rampage zone.
6:42 of 2nd period - Matthew Corrente is hit by Ronalds Kenins.
7:17 of 2nd period - Wrist shot by Benn Ferriero.
7:17 of 2nd period - Shot Misses the Net.
7:30 of 2nd period - Slapshot by Joel Chouinard.
7:30 of 2nd period - Stopped by Cam Ward without a rebound.
7:31 of 2nd period - Tanner Richard wins face-off versus Carter Rowney in Tigers zone.
7:32 of 2nd period - Snap shot by Jordan Szwarz.
7:32 of 2nd period - Stopped by Cam Ward without a rebound.
7:33 of 2nd period - Tanner Richard wins face-off versus Carter Rowney in Tigers zone.
8:30 of 2nd period - Keaton Ellerby is hit by Adam Comrie and loses puck.
8:49 of 2nd period - Slapshot by Kyle Quincey.
8:49 of 2nd period - Goal by Kyle Quincey - Rampage : 0 - Tigers : 1.
8:50 of 2nd period - Alexander Khokhlachev wins face-off versus Daniel Briere in neutral zone.
9:21 of 2nd period - Snap shot by Taylor Beck.
9:21 of 2nd period - Goal by Taylor Beck - Rampage : 1 - Tigers : 1.
9:22 of 2nd period - Connor Brickley wins face-off versus Carter Rowney in neutral zone.
9:22 of 2nd period - Brandon Bollig beats up Connor Brickley.
9:22 of 2nd period - Penalty to Brandon Bollig for Fighting.
9:22 of 2nd period - Penalty to Connor Brickley for Fighting.
9:22 of 2nd period - Penalty to Brandon Bollig for instigated a fight.
9:22 of 2nd period - Penalty to Brandon Bollig for instigated a fight.
9:23 of 2nd period - Rene Bourque wins face-off versus Daniel Briere in neutral zone.
9:33 of 2nd period - Icing by Michal Rozsival.
9:34 of 2nd period - Daniel Briere wins face-off versus Rene Bourque in Rampage zone.
9:57 of 2nd period - Brandon Defazio is hit by Ladislav Smid and loses puck.
10:42 of 2nd period - Adam Comrie is hit by Brett Hextall and loses puck.
11:22 of 2nd period - Penalty to Brandon Bollig is over, Ty Rattie is send on ice.
11:39 of 2nd period - Kane Lafranchise is hit by Liam O'Brien.
11:57 of 2nd period - Ian White is hit by Matthew Corrente and loses puck.
12:09 of 2nd period - Harry Zolnierczyk is hit by Matthew Corrente and loses puck.
12:16 of 2nd period - Carter Rowney and Keaton Ellerby fight to a draw.
12:16 of 2nd period - Penalty to Carter Rowney for Fighting.
12:16 of 2nd period - Penalty to Keaton Ellerby for Fighting.
12:17 of 2nd period - Steven Hodges wins face-off versus Alexander Khokhlachev in Tigers zone.
12:26 of 2nd period - Snap shot by Daniel Briere.
12:26 of 2nd period - Shot Blocked by Kyle Quincey.
12:32 of 2nd period - 10 Minutes Misconduct Penalty to Anthony Peluso is over.
13:20 of 2nd period - Snap shot by Ronalds Kenins.
13:20 of 2nd period - Stopped by Pheonix Copley with a rebound.
13:32 of 2nd period - Slapshot by Ronalds Kenins.
13:32 of 2nd period - Shot Misses the Net.
13:34 of 2nd period - Wrist shot by Chandler Stephenson.
13:34 of 2nd period - Shot Misses the Net.
13:36 of 2nd period - Wrist shot by Chandler Stephenson.
13:36 of 2nd period - Shot Misses the Net.
13:38 of 2nd period - Wrist shot by Ian White.
13:38 of 2nd period - Deflect By Anthony Peluso.
13:38 of 2nd period - Shot Misses the Net.
13:38 of 2nd period - Puck is out of play.
13:39 of 2nd period - Brett Hextall wins face-off versus Chandler Stephenson in Rampage zone.
14:26 of 2nd period - Tanner Richard is hit by Alexander Khokhlachev and loses puck.
15:41 of 2nd period - Snap shot by Ty Rattie.
15:41 of 2nd period - Deflect By Brandon Defazio.
15:41 of 2nd period - Shot Misses the Net.
15:41 of 2nd period - Puck is out of play.
15:42 of 2nd period - Chandler Stephenson wins face-off versus Liam O'Brien in Rampage zone.
17:12 of 2nd period - Wrist shot by Anthony Peluso.
17:12 of 2nd period - Deflect By Ronalds Kenins.
17:12 of 2nd period - Stopped by Pheonix Copley with a rebound.
17:42 of 2nd period - Backhand shot by Ladislav Smid.
17:42 of 2nd period - Shot Misses the Net.
18:12 of 2nd period - Snap shot by Bryan Rust.
18:12 of 2nd period - Shot Blocked by Patrick Kaleta.
18:24 of 2nd period - Ladislav Smid is hit by Patrick Kaleta and loses puck.
18:32 of 2nd period - Minor Penalty to Ian White for Hooking.
18:33 of 2nd period - Connor Brickley wins face-off versus Brandon Defazio in Tigers zone.
18:44 of 2nd period - Wrist shot by Bryan Rust.
18:44 of 2nd period - Stopped by Cam Ward without a rebound.
18:45 of 2nd period - Anthony Peluso wins face-off versus Connor Brickley in Tigers zone.
18:47 of 2nd period - Minor Penalty to Brandon Defazio for Delaying the game.
18:48 of 2nd period - Connor Brickley wins face-off versus Rene Bourque in Tigers zone.
18:48 of 2nd period - Snap shot by Bryan Rust.
18:48 of 2nd period - Shot Misses the Net.
18:50 of 2nd period - Slapshot by Ladislav Smid.
18:50 of 2nd period - Stopped by Cam Ward with a rebound.
18:52 of 2nd period - Snap shot by Liam O'Brien.
18:52 of 2nd period - Shot Blocked by Rene Bourque.
19:49 of 2nd period - Adam Comrie is hit by Liam O'Brien and loses puck.
Goals for this period are 1 for Rampage vs 1 for Tigers.
Shots for this period are 10 for Rampage vs 8 for Tigers.

3rd period


0:01 of 3rd period - Rene Bourque wins face-off versus Daniel Briere in neutral zone.
0:32 of 3rd period - Penalty to Ian White is over, Ian White is back on ice.
0:47 of 3rd period - Penalty to Brandon Defazio is over, Brandon Defazio is back on ice.
0:52 of 3rd period - Snap shot by Bryan Rust.
0:52 of 3rd period - Shot Blocked by Kyle Quincey.
0:54 of 3rd period - Wrist shot by Liam O'Brien.
0:54 of 3rd period - Shot Misses the Net.
0:56 of 3rd period - Snap shot by Connor Brickley.
0:56 of 3rd period - Stopped by Cam Ward with a rebound.
1:32 of 3rd period - Snap shot by Jordan Szwarz.
1:32 of 3rd period - Stopped by Cam Ward without a rebound.
1:33 of 3rd period - Tanner Richard wins face-off versus Carter Rowney in Tigers zone.
1:44 of 3rd period - Snap shot by Andrew Cherniwchan.
1:44 of 3rd period - Shot Misses the Net.
1:54 of 3rd period - Slapshot by Harry Zolnierczyk.
1:54 of 3rd period - Shot Misses the Net.
1:56 of 3rd period - Snap shot by Ian White.
1:56 of 3rd period - Shot Misses the Net.
1:58 of 3rd period - Snap shot by Ty Rattie.
1:58 of 3rd period - Shot Misses the Net.
2:05 of 3rd period - Icing by Keaton Ellerby.
2:06 of 3rd period - Chandler Stephenson wins face-off versus Tanner Richard in Rampage zone.
2:25 of 3rd period - Slapshot by Ronalds Kenins.
2:25 of 3rd period - Shot Misses the Net.
2:27 of 3rd period - Backhand shot by Anthony Peluso.
2:27 of 3rd period - Shot Blocked by Jordan Szwarz.
3:07 of 3rd period - Wrist shot by Alexander Khokhlachev.
3:07 of 3rd period - Shot Misses the Net.
3:09 of 3rd period - Wrist shot by Rene Bourque.
3:09 of 3rd period - Shot Misses the Net.
3:51 of 3rd period - Snap shot by Daniel Briere.
3:51 of 3rd period - Shot Misses the Net.
3:53 of 3rd period - Snap shot by Ladislav Smid.
3:53 of 3rd period - Stopped by Cam Ward without a rebound.
3:54 of 3rd period - Caleb Herbert wins face-off versus Liam O'Brien in Tigers zone.
4:13 of 3rd period - Wrist shot by Bryan Rust.
4:13 of 3rd period - Shot Misses the Net.
4:22 of 3rd period - 10 Minutes Misconduct Penalty to Brandon Bollig is over.
4:50 of 3rd period - Steven Hodges is hit by Chandler Stephenson and loses puck.
5:01 of 3rd period - Icing by Chandler Stephenson.
5:02 of 3rd period - Daniel Briere wins face-off versus Chandler Stephenson in Tigers zone.
5:05 of 3rd period - Slapshot by Christian Thomas.
5:05 of 3rd period - Shot Blocked by Chandler Stephenson.
6:03 of 3rd period - Keaton Ellerby is hit by Brandon Bollig and loses puck.
6:14 of 3rd period - Wrist shot by Brandon Bollig.
6:14 of 3rd period - Shot Blocked by Keaton Ellerby.
6:38 of 3rd period - Wrist shot by Alexander Khokhlachev.
6:38 of 3rd period - Shot Misses the Net.
6:40 of 3rd period - Snap shot by Kane Lafranchise.
6:40 of 3rd period - Deflect By Rene Bourque.
6:40 of 3rd period - Stopped by Pheonix Copley with a rebound.
6:42 of 3rd period - Wrist shot by Patrick Kaleta.
6:42 of 3rd period - Stopped by Pheonix Copley with a rebound.
6:44 of 3rd period - Snap shot by Kane Lafranchise.
6:44 of 3rd period - Shot Misses the Net.
6:46 of 3rd period - Slapshot by Adam Comrie.
6:46 of 3rd period - Stopped by Pheonix Copley without a rebound.
6:47 of 3rd period - Christian Thomas wins face-off versus Alexander Khokhlachev in Rampage zone.
7:36 of 3rd period - Backhand shot by Ladislav Smid.
7:36 of 3rd period - Shot Blocked by Keith Seabrook.
7:54 of 3rd period - Ladislav Smid is hit by Kyle Quincey and loses puck.
8:01 of 3rd period - Wrist shot by Daniel Briere.
8:01 of 3rd period - Shot Misses the Net.
8:03 of 3rd period - Slapshot by Steven Hodges.
8:03 of 3rd period - Shot Blocked by Kyle Quincey.
8:19 of 3rd period - Jordan Leopold is hit by Michal Rozsival and loses puck.
8:50 of 3rd period - Keaton Ellerby is hit by Kyle Quincey and loses puck.
9:03 of 3rd period - Backhand shot by Jordan Szwarz.
9:03 of 3rd period - Stopped by Cam Ward with a rebound.
9:12 of 3rd period - Off-side.
9:13 of 3rd period - Carter Rowney wins face-off versus Steven Hodges in neutral zone.
10:27 of 3rd period - Slapshot by Ronalds Kenins.
10:27 of 3rd period - Stopped by Pheonix Copley with a rebound.
10:29 of 3rd period - Slapshot by Ian White.
10:29 of 3rd period - Stopped by Pheonix Copley without a rebound.
10:30 of 3rd period - Chandler Stephenson wins face-off versus Daniel Briere in Rampage zone.
10:57 of 3rd period - Snap shot by Anthony Peluso.
10:57 of 3rd period - Stopped by Pheonix Copley with a rebound.
10:59 of 3rd period - Snap shot by Ronalds Kenins.
10:59 of 3rd period - Stopped by Pheonix Copley with a rebound.
11:01 of 3rd period - Snap shot by Anthony Peluso.
11:01 of 3rd period - Deflect By Liam O'Brien.
11:01 of 3rd period - Shot Blocked by Liam O'Brien.
11:01 of 3rd period - Puck is out of play.
11:02 of 3rd period - Caleb Herbert wins face-off versus Liam O'Brien in Rampage zone.
11:05 of 3rd period - Slapshot by Kyle Quincey.
11:05 of 3rd period - Shot Misses the Net.
11:07 of 3rd period - Wrist shot by Brandon Defazio.
11:07 of 3rd period - Stopped by Pheonix Copley with a rebound.
11:54 of 3rd period - Alexander Khokhlachev is hit by Jordan Szwarz and loses puck.
12:03 of 3rd period - Slapshot by Michal Rozsival.
12:03 of 3rd period - Shot Misses the Net.
12:20 of 3rd period - Slapshot by Ladislav Smid.
12:20 of 3rd period - Stopped by Cam Ward with a rebound.
12:22 of 3rd period - Wrist shot by Taylor Beck.
12:22 of 3rd period - Shot Misses the Net.
12:24 of 3rd period - Slapshot by Ladislav Smid.
12:24 of 3rd period - Shot Blocked by Anthony Peluso.
12:26 of 3rd period - Slapshot by Ladislav Smid.
12:26 of 3rd period - Shot Misses the Net.
12:28 of 3rd period - Wrist shot by Daniel Briere.
12:28 of 3rd period - Stopped by Cam Ward with a rebound.
12:30 of 3rd period - Slapshot by Ladislav Smid.
12:30 of 3rd period - Stopped by Cam Ward with a rebound.
13:07 of 3rd period - Keith Seabrook is hit by Jordan Szwarz and loses puck.
13:14 of 3rd period - Carter Rowney is hit by Tanner Richard and loses puck.
13:31 of 3rd period - Snap shot by Rene Bourque.
13:31 of 3rd period - Deflect By Brandon Defazio.
13:31 of 3rd period - Stopped by Pheonix Copley with a rebound.
13:33 of 3rd period - Slapshot by Kane Lafranchise.
13:33 of 3rd period - Stopped by Pheonix Copley with a rebound.
13:49 of 3rd period - Kane Lafranchise is hit by Joel Chouinard and loses puck.
15:01 of 3rd period - Slapshot by Brandon Bollig.
15:01 of 3rd period - Shot Misses the Net.
16:30 of 3rd period - Ian White is hit by Keaton Ellerby and loses puck.
18:15 of 3rd period - Slapshot by Ronalds Kenins.
18:15 of 3rd period - Stopped by Pheonix Copley without a rebound.
18:16 of 3rd period - Connor Brickley wins face-off versus Chandler Stephenson in Rampage zone.
19:49 of 3rd period - Jordan Leopold is hit by Benn Ferriero and loses puck.
Goals for this period are 0 for Rampage vs 0 for Tigers.
Shots for this period are 7 for Rampage vs 11 for Tigers.

Overtime #1


0:01 of 1st overtime period - Rene Bourque wins face-off versus Daniel Briere in neutral zone.
0:14 of 1st overtime period - Wrist shot by Michal Rozsival.
0:14 of 1st overtime period - Shot Misses the Net.
0:24 of 1st overtime period - Daniel Briere is hit by Kyle Quincey.
0:28 of 1st overtime period - Snap shot by Taylor Beck.
0:28 of 1st overtime period - Shot Hit the Post.
0:30 of 1st overtime period - Slapshot by Michal Rozsival.
0:30 of 1st overtime period - Shot Misses the Net.
0:32 of 1st overtime period - Wrist shot by Taylor Beck.
0:32 of 1st overtime period - Stopped by Cam Ward with a rebound.
0:34 of 1st overtime period - Wrist shot by Michal Rozsival.
0:34 of 1st overtime period - Stopped by Cam Ward with a rebound.
1:05 of 1st overtime period - Snap shot by Rene Bourque.
1:05 of 1st overtime period - Shot Misses the Net.
1:47 of 1st overtime period - Wrist shot by Keaton Ellerby.
1:47 of 1st overtime period - Shot Blocked by Kane Lafranchise.
1:49 of 1st overtime period - Wrist shot by Brett Hextall.
1:49 of 1st overtime period - Shot Misses the Net.
1:51 of 1st overtime period - Wrist shot by Jordan Szwarz.
1:51 of 1st overtime period - Shot Blocked by Adam Comrie.
2:03 of 1st overtime period - Keaton Ellerby is hit by Adam Comrie and loses puck.
2:33 of 1st overtime period - Anthony Peluso is hit by Brett Hextall and loses puck.
2:42 of 1st overtime period - Brandon Defazio is hit by Brett Hextall and loses puck.
2:49 of 1st overtime period - Slapshot by Jordan Leopold.
2:49 of 1st overtime period - Stopped by Pheonix Copley with a rebound.
2:51 of 1st overtime period - Slapshot by Kyle Quincey.
2:51 of 1st overtime period - Shot Blocked by Michal Rozsival.
2:57 of 1st overtime period - Slapshot by Kyle Quincey.
2:57 of 1st overtime period - Shot Blocked by Jordan Szwarz.
2:59 of 1st overtime period - Snap shot by Anthony Peluso.
2:59 of 1st overtime period - Shot Misses the Net.
3:23 of 1st overtime period - Bryan Rust is hit by Kyle Quincey and loses puck.
4:10 of 1st overtime period - Keaton Ellerby is hit by Brandon Defazio and loses puck.
4:48 of 1st overtime period - Snap shot by Liam O'Brien.
4:48 of 1st overtime period - Stopped by Cam Ward without a rebound.
4:49 of 1st overtime period - Christian Thomas wins face-off versus Rene Bourque in Tigers zone.
4:54 of 1st overtime period - Snap shot by Christian Thomas.
4:54 of 1st overtime period - Stopped by Cam Ward with a rebound.
Goals for this period are 0 for Rampage vs 0 for Tigers.
Shots for this period are 4 for Rampage vs 1 for Tigers.

ShootOut


5:00 of 1st overtime period - Penalty Shot by Daniel Briere for Rampage.
5:00 of 1st overtime period - Backhand shot by Daniel Briere.
5:00 of 1st overtime period - Stopped by Cam Ward.
5:00 of 1st overtime period - Penalty Shot by Rene Bourque for Tigers.
5:00 of 1st overtime period - Snap shot by Rene Bourque.
5:00 of 1st overtime period - Goal by Rene Bourque.
5:00 of 1st overtime period - Penalty Shot by Taylor Beck for Rampage.
5:00 of 1st overtime period - Snap shot by Taylor Beck.
5:00 of 1st overtime period - Goal by Taylor Beck.
5:00 of 1st overtime period - Penalty Shot by Brandon Bollig for Tigers.
5:00 of 1st overtime period - Snap shot by Brandon Bollig.
5:00 of 1st overtime period - Stopped by Pheonix Copley.
5:00 of 1st overtime period - Penalty Shot by Christian Thomas for Rampage.
5:00 of 1st overtime period - Snap shot by Christian Thomas.
5:00 of 1st overtime period - Shot Misses the Net.
5:00 of 1st overtime period - Penalty Shot by Patrick Kaleta for Tigers.
5:00 of 1st overtime period - Snap shot by Patrick Kaleta.
5:00 of 1st overtime period - Stopped by Pheonix Copley.
5:00 of 1st overtime period - Penalty Shot by Liam O'Brien for Rampage.
5:00 of 1st overtime period - Backhand shot by Liam O'Brien.
5:00 of 1st overtime period - Stopped by Cam Ward.
5:00 of 1st overtime period - Penalty Shot by Ty Rattie for Tigers.
5:00 of 1st overtime period - Wrist shot by Ty Rattie.
5:00 of 1st overtime period - Shot Misses the Net.
5:00 of 1st overtime period - Penalty Shot by Bryan Rust for Rampage.
5:00 of 1st overtime period - Wrist shot by Bryan Rust.
5:00 of 1st overtime period - Shot Misses the Net.
5:00 of 1st overtime period - Penalty Shot by Ronalds Kenins for Tigers.
5:00 of 1st overtime period - Backhand shot by Ronalds Kenins.
5:00 of 1st overtime period - Shot Misses the Net.
5:00 of 1st overtime period - Penalty Shot by Connor Brickley for Rampage.
5:00 of 1st overtime period - Deke by Connor Brickley.
5:00 of 1st overtime period - Goal by Connor Brickley.
5:00 of 1st overtime period - Penalty Shot by Jordan Leopold for Tigers.
5:00 of 1st overtime period - Snap shot by Jordan Leopold.
5:00 of 1st overtime period - Shot Misses the Net.